 Dungeon Crawl Stone Soup version 0.29-a0-723-gce39da1c22 (webtiles) character file.

Game seed: 4935860407023555743

65 sammy202020 the Trooper (level 3, 0/32 HPs)
             Began as a Palentonga Fighter on June 28, 2022.
             Slain by an orc priest
             ... wielding a +0 whip
              (2 damage)
             ... on level 3 of the Dungeon.
             The game lasted 00:02:51 (2165 turns).

sammy202020 the Trooper (Palentonga Fighter)        Turns: 2165, Time: 00:02:53

Health: 0/32       AC: 13    Str: 19    XL:     3   Next: 94%
Magic:  3/3        EV:  3    Int: 10    God:
Gold:   106        SH:  5    Dex:  9    Spells: 2/2 levels left

rFire   . . .      SeeInvis +   a - +1 war axe
rCold   . . .      Faith    .   c - +1 buckler
rNeg    . . .      Spirit   .   h - +0 plate armour
rPois   .          Reflect  .   l - +0 helmet
rElec   .          Harm     .   b - +0 cloak
rCorr   .          Rampage  .   j - +1 pair of gloves {hurl}
Will    .....                   (no barding)
Stlth   ..........              (no amulet)
HPRegen 0.10/turn               (no ring)
MPRegen 0.08/turn               (no ring)

@: mighty
A: large, rugged brown scales 3, see invisible, deformed body, roll 1, armoured
tail
a: Rolling Charge


You were on level 3 of the Dungeon.
You visited 1 branch of the dungeon, and saw 3 of its levels.

You collected 106 gold pieces.

Inventory:

Hand Weapons
 a - a +1 war axe (weapon)
 i - a +0 mace
Missiles
 g - 2 javelins
Armour
 b - a +0 cloak (worn)
 c - a +1 buckler (worn)
 h - a +0 plate armour (worn)
 j - a +1 pair of gloves of hurling (worn)
 l - a +0 helmet (worn)
Jewellery
 o - a ring of wizardry
Scrolls
 f - a scroll of enchant weapon
 k - a scroll of identify
 m - a scroll of enchant armour
 n - a scroll of vulnerability {unknown}
 p - a scroll of blinking {unknown}
Potions
 e - 2 potions of degeneration {unknown}


   Skills:
 * Level 3.6 Fighting
 * Level 2.9 Axes
 + Level 2.6 Armour
 - Level 0.4 Dodging
 + Level 3.0 Shields


You had 2 spell levels left.
You didn't know any spells.
Your spell library contained the following spells:

 Spells                   Type           Power      Damage    Failure   Level
 Poisonous Vapours        Pois/Air       0%         N/A       100%        2
 Tukima's Dance           Hex            0%         N/A       100%        3
 Corpse Rot               Necr/Pois/Air  0%         N/A       100%        4
 Passage of Golubria      Tloc           0%         N/A       100%        4
 Yara's Violent Unravell  Hex/Tmut       0%         3d3       100%        5


Dungeon Overview and Level Annotations

Branches:
Dungeon (3/15)

Altars:

Shops:
D:2 [:([


Innate Abilities, Weirdness & Mutations

You are completely covered in rugged brown scales. (AC +3, +7% HP)
You have supernaturally acute eyesight. (SInv)
Armour fits poorly on your strangely shaped body.
You can roll at nearby foes to attack.
You have a long armoured tail.


Message History

You hear an angry hiss.
You slash the orc priest!
The orc priest is severely wounded.
You hit the orc wizard but do no damage.
The orc priest hits you but does no damage.
The orc wizard hits you but does no damage. x2
You closely miss the orc priest.
Your tail-slap misses the orc priest.
The orc priest is severely wounded.
You barely miss the orc wizard. You closely miss the orc priest.
A ball python comes into view.
The orc priest hits you but does no damage.
The orc priest calls down the wrath of Beogh upon you.
Beogh smites you!
* * * LOW HITPOINT WARNING * * *
The orc wizard hits you but does no damage.
You feel very mighty all of a sudden.
The orc priest hits you but does no damage. x2
The orc wizard hits you with a +0 dagger.
* * * LOW HITPOINT WARNING * * *
A kobold comes into view. It is wielding a +0 short sword.
You slash the orc priest!
You kill the orc priest!
You barely miss the orc priest. You hit the orc wizard. You hit the orc.
You block the orc's attack.
The orc priest hits you but does no damage.
The orc wizard hits you but does no damage.
A frilled lizard comes into view.
The orc hits you but does no damage. The orc priest hits you with a +0 whip.
* * * LOW HITPOINT WARNING * * *
The orc wizard hits you but does no damage.
The frilled lizard moves out of view.
Your Shields skill increases to level 3!
You barely miss the orc priest. You slash the frilled lizard!
You kill the frilled lizard!
You slash the orc wizard!
You kill the orc wizard!
You slash the orc!
You kill the orc!
The orc priest hits you with a +0 whip.
You die...

... ... ### .... #.#
...K. #.# ...##.##
.....# #oS.# . .#)@.#
..
......#).######.##.
....#>.............
... #.##....###.## .
.....#.....##.#
#[##.#.##...>.####
#.##.#..#........#
#..#.##.###......#
#####......####.....#


You could see an orc priest, a ball python and a kobold.

Vanquished Creatures
  An orc priest (D:3)
  An orc wizard (D:3)
  An adder (D:2)
  A worm (D:2)
  An orc (D:3)
  2 bats (D:1)
  An endoplasm (D:2)
  2 giant cockroaches
  A goblin (D:1)
  3 hobgoblins
  2 jackals (D:1)
  2 kobolds
  A quokka (D:1)
  5 frilled lizards
  2 rats (D:1)
26 creatures vanquished.

Notes
Turn   | Place    | Note
-------+----------+-------------------------------------------
     0 | D:1      | sammy202020 the Palentonga Fighter began the quest for the
                  | Orb.
     0 | D:1      | Reached XP level 1. HP: 19/19 MP: 1/1
   346 | D:1      | Reached XP level 2. HP: 25/25 MP: 2/2
   724 | D:1      | Found a faded altar of an unknown god.
  1677 | D:2      | Reached XP level 3. HP: 28/31 MP: 3/3
  1699 | D:2      | Found Usag's Antique Armour Shoppe.
  1721 | D:2      | Found Foecro Quoj's Book Shop.
  1760 | D:2      | Found Awead's Armour Shoppe.
  2049 | D:2      | Found Dachequz's Weapon Emporium.
  2165 | D:3      | Slain by an orc priest

Illustrated notes

Levels and vault maps discovered:
D:1:      heliophobic_arrival_enchanted_forest, layout_basic,
          hellmonk_ecumenical_altar_blasted
D:2:      layout_loops_ring, serial_shops, nicolae_shop_trees,
          nicolae_diamond_shop, shop, shop
D:3:      layout_rooms

Skill      XL: |  1  2  3 |
---------------+----------+-----
Shields        | 3 |  3.0
Fighting       | |  3.6
Axes           | |  2.9
Armour         | |  2.6
Dodging        | |  0.4

Action                   || total
-------------------------++-------
Melee: War axe           ||   106
       Tailslap          ||     5
 Abil: Rolling Charge    ||     5
  Use: Scroll            ||     6
       Potion            ||     1
Armor: Scale mail        ||    38
       Plate armour      ||    40
Dodge: Dodged            ||    37
Block: Buckler           ||    18

Table legend: (Time is in decaauts)
 A = Elapsed time spent in this place.
 B = Non-inter-level travel time spent in this place.
 C = Inter-level travel time spent in this place.
 D = Time resting spent in this place.
 E = Time spent auto-exploring this place.
 F = Levels seen in this place.
 G = Mean time per level.
                   A        B        C        D        E       F      G
               +--------+--------+--------+--------+--------+-----+--------+
         Total |   2208 |   2208 |      0 |    233 |   1641 |   3 |  736.0 |
       Dungeon |   2208 |   2208 |      0 |    233 |   1641 |   3 |  736.0 |
               +--------+--------+--------+--------+--------+-----+--------+

Top non-repeatable levels by time:
     D:1: 1321 daAuts
     D:2: 798 daAuts
     D:3: 88 daAuts
